 Dungeon Crawl Stone Soup version 0.22-a0-282-gdd34a7d (webtiles) character file.

73206 FluffGlitter the Geomancer (level 15, 0/90 HPs)
             Began as a Gargoyle Earth Elementalist on Mar 14, 2018.
             Was a High Priest of Vehumet.
             Killed from afar by a deep elf knight (31 damage)
             ... with an orb of energy
             ... on level 1 of the Elven Halls on Mar 17, 2018.
             The game lasted 05:27:23 (39191 turns).

FluffGlitter the Geomancer (GrEE)                  Turns: 39191, Time: 05:27:23

Health: 0/90       AC: 17    Str: 12    XL:     15   Next: 42%
Magic:  10/29      EV: 15    Int: 22    God:    Vehumet [*****.]
Gold:   1738       SH:  4    Dex: 13    Spells: 6/35 levels left

rFire    + . .     SeeInvis .   o - +2 demon whip (flame)
rCold    + . .     Gourm    .   q - +0 buckler
rNeg     + . .     Faith    .   R - +2 robe {rC+}
rPois    ∞         Spirit   .   O - +0 hat
rElec    +         Reflect  .   J - scarf {repulsion}
rCorr    .         Harm     .   Z - +0 pair of gloves
MR       +....                  (no boots)
Stlth    ++........             u - amulet of the acrobat
HPRegen  0.25/turn              f - +3 ring of dexterity
MPRegen  0.21/turn              v - ring of protection from fire

@: repel missiles
A: big wings, negative energy resistance 1, electricity resistance, unbreathing,
petrification resistance, rot immunity, AC +11
a: Fly, Renounce Religion


You were on level 1 of the Elven Halls.
You worshipped Vehumet.
Vehumet was extremely pleased with you.
You were not hungry.

You visited 5 branches of the dungeon, and saw 20 of its levels.

You collected 2513 gold pieces.
You spent 775 gold pieces at shops.

Inventory:

Hand Weapons
 o - a +2 demon whip of flaming (weapon)
 s - a +2 mace of protection
 z - a +0 short sword
 D - a +3 flail of crushing
 Y - a +4 mace
Missiles
 b - 79 stones (quivered)
 K - 61 tomahawks
 Q - 2 throwing nets
Armour
 p - a +0 leather armour of cold resistance
 q - a +0 buckler (worn)
 J - a scarf of repulsion (worn)
 O - a +0 hat (worn)
 R - a +2 robe of cold resistance (worn)
 Z - a +0 pair of gloves (worn)
Magical Staves
 l - an uncursed staff of poison
 m - an uncursed staff of wizardry {unknown}
 E - an uncursed staff of cold
Jewellery
 f - a +3 ring of dexterity (left hand)
 u - an amulet of the acrobat (around neck)
 v - a ring of protection from fire (right hand)
Wands
 i - a wand of iceblast (21)
 k - a wand of random effects (51)
 w - a wand of flame (33)
 C - a wand of paralysis (2)
 H - a wand of disintegration (12)
 M - a wand of enslavement (12)
 N - a wand of digging (18)
 X - a wand of polymorph (12)
Scrolls
 c - a scroll of immolation {unknown}
 e - 8 scrolls of identify
 g - 11 scrolls of remove curse
 h - a scroll of enchant weapon
 n - a scroll of summoning {unknown}
 y - 2 scrolls of magic mapping
 B - 2 scrolls of acquirement {unknown}
 F - a scroll of random uselessness {unknown}
 I - 3 scrolls of amnesia
 S - 3 scrolls of fog
 V - 7 scrolls of teleportation
Potions
 j - 2 potions of flight
 r - 2 potions of invisibility
 t - 3 potions of haste
 A - 3 potions of curing
 G - 3 potions of might
 L - 2 potions of mutation {unknown}
 P - 3 potions of magic
 U - a potion of ambrosia
Miscellaneous
 a - a fan of gales (inert)
 x - a crystal ball of energy
Comestibles
 d - 13 rations


   Skills:
 + Level 9.2 Fighting
 + Level 8.2 Maces & Flails
 - Level 6.7 Armour
 + Level 7.2 Dodging
 - Level 2.1 Stealth
 + Level 1.4 Shields
 + Level 10.5 Spellcasting
 + Level 11.7 Conjurations
 - Level 3.4 Necromancy
   Level 0.7 Transmutations
 + Level 6.2 Fire Magic
 + Level 13.4 Earth Magic
 + Level 7.9 Evocations


You had 6 spell levels left.
You knew the following spells:

 Your Spells              Type           Power        Failure   Level  Hunger
a - Sandblast             Erth           ######       1%          1    None
b - Stone Arrow           Conj/Erth      ######       1%          3    None
c - Lee's Rapid Deconstr  Erth           ######....   1%          5    ####...
d - Magic Dart            Conj           ####         1%          1    None
e - Iron Shot             Conj/Erth      ######....   1%          6    ######.
f - Regeneration          Chrm/Necr      ###.......   12%         3    None
g - Conjure Flame         Conj/Fire      ######..     1%          3    None
i - Fireball              Conj/Fire      ######....   1%          5    ####...
j - Blink                 Tloc           N/A          12%         2    None


Dungeon Overview and Level Annotations

Branches:
Dungeon (10/15)            Temple (1/1) D:6            Lair (6/6) D:10
 Shoals (0/4) Lair:2        Snake (0/4) Lair:3        Slime (0/5) Lair:5
    Orc (2/2) D:10            Elf (1/3) Orc:2

Altars:
Ashenzari
Cheibriados
Dithmenos
Elyvilon
Fedhas
Gozag
Hepliaklqana
Kikubaaqudgha
Makhleb
Nemelex Xobeh
Okawaru
Qazlal
Ru
Sif Muna
Trog
Uskayaw
Vehumet
Wu Jian
Xom
Yredelemnul
Zin
The Shining One
Beogh

Shops:
D:7 %}:[   D:10 [   Orc:1 (   Orc:2 }%(!

Portals:
Hell: Lair:6
Pandemonium: Orc:2

Annotations:
Lair:1 exclusion: 2 oklob plants


Innate Abilities, Weirdness & Mutations

You are resistant to torment.
Your stone body is resilient. (AC +11)
You are immune to poison.
Your large and strong wings let you fly indefinitely.
You resist negative energy. (rN+)
You are resistant to electric shocks. (rElec)
You can survive without breathing.
You are immune to petrification.
You are immune to rotting.


Message History

Confirm with . or Enter, or press ? or * to list all spells.
Aiming: Stone Arrow (safe; 1% risk of failure)
Press: ? - help, Shift-Dir - straight line, f - deep elf knight
Aim: a deep elf knight, wielding a long sword and wearing a buckler The stone arrow misses the deep elf knight.
Casting: Stone Arrow (safe; 1% risk of failure)
Confirm with . or Enter, or press ? or * to list all spells.
Aiming: Stone Arrow (safe; 1% risk of failure)
Press: ? - help, Shift-Dir - straight line, f/p - deep elf knight
Aim: a deep elf knight, wielding a long sword and wearing a buckler The stone arrow misses the deep elf knight.
Casting: Stone Arrow (safe; 1% risk of failure)
Confirm with . or Enter, or press ? or * to list all spells.
Aiming: Stone Arrow (safe; 1% risk of failure)
Press: ? - help, Shift-Dir - straight line, f/p - deep elf knight
Aim: a deep elf knight, wielding a long sword and wearing a buckler The deep elf knight blocks the stone arrow.
The deep elf knight gestures at you while chanting.
The orb of energy hits you!
You die...

.'..#..#..#
###. #..#..#
.....#..#..#
...#..#..#
####'#.e#..#
........#..#
........#..#
.#####).#..#
#.@#..# #..#..#
#.)#..# #..#..#
#..#..# #.....#
.#####.[#.[#..#
........#..#..#
........#..#..#


You could see a deep elf knight.

Vanquished Creatures
  Josephine (D:9)
  An ettin (D:10)
  A deep elf high priest (Elf:1)
  The ghost of Paulus the Fighter, a journeyman GrFi of Makhleb (Orc:2)
  A catoblepas (Lair:5)
  An ice dragon (Lair:6)
  4 hydras
  Erica (D:8)
  Harold (D:10)
  5 two-headed ogres
  A death yak (Lair:6)
  A dancing weapon (Elf:1)
  Urug (Lair:3)
  2 sun demons
  6 orc high priests (Orc:2)
  2 deep elf knights (Elf:1)
  A sixfirhy (Orc:2)
  A soul eater (Orc:2)
  2 unseen horrors (D:10)
  An infernal demonspawn (Orc:1)
  A wizard (Lair:6)
  A gelid demonspawn (Orc:2)
  4 orc knights
  4 deep elf archers (Elf:1)
  5 orc sorcerers (Orc:2)
  14 deep elf magi (Elf:1)
  A smoke demon (Lair:6)
  7 black mambas
  Maurice (D:10)
  A gargoyle (D:9)
  2 orange demons (Lair:6)
  8 spiny frogs
  4 komodo dragons
  4 rime drakes (Lair:6)
  A troll (Orc:2)
  2 ice devils
  3 red devils
  2 polar bears
  A queen bee (D:9)
  Prince Ribbit (D:9)
  2 slime creatures (Lair:5)
  7 hippogriffs
  26 blink frogs
  A ynoxinul (Orc:2)
  4 wraiths
  2 air elementals
  A water elemental (Elf:1)
  36 yaks
  5 wyverns
  A basilisk (Lair:2)
  2 hungry ghosts
  A warg (Orc:2)
  4 hell hounds (Lair:6)
  16 water moccasins
  5 porcupines
  2 sky beasts
  A necrophage (D:9)
  4 ice beasts
  34 orc warriors
  A black bear (Lair:4)
  12 ogres
  5 centaurs
  11 wolves
  13 crocodiles
  4 big kobolds
  12 bullfrogs
  An earth elemental (Elf:1)
  A scorpion (D:9)
  A wyvern skeleton (D:5)
  16 killer bees
  7 wights
  2 howler monkeys
  3 electric eels (Lair:2)
  A bullfrog zombie (D:7)
  3 crimson imps
  2 hounds
  4 jellies
  16 orc wizards
  A gnoll shaman (D:7)
  25 orc priests
  A bullfrog skeleton (D:5)
  3 iguanas
  6 worker ants
  7 hell rats (Lair:6)
  A hound skeleton (D:7)
  16 adders
  11 gnolls
  3 white imps (Lair:6)
  An adder zombie (D:8)
  2 adder skeletons (D:5)
  5 worms
  A dart slug (D:3)
  2 leopard geckos
  77 orcs
  8 bats
  7 giant cockroaches
  3 goblins
  5 hobgoblins
  10 jackals
  30 kobolds
  6 quokkas
  4 ball pythons
  3 frilled lizards
  A jackal zombie (D:6)
  2 leopard gecko skeletons
  A quokka skeleton (D:4)
  A quokka zombie (D:5)
  2 rats (D:1)
  2 fungi
  A plant (D:10)
619 creatures vanquished.

Vanquished Creatures (others)
  A deep elf demonologist (Elf:1)
  A dancing weapon (Elf:1)
  An orc warrior (Elf:1)
  4 orcs (Elf:1)
  14 fungi
  11 plants
32 creatures vanquished.

Grand Total: 651 creatures vanquished

Notes
Turn   | Place    | Note
-------+----------+-------------------------------------------
     0 | D:1      | FluffGlitter the Gargoyle Earth Elementalist began the quest for the Orb.
     0 | D:1      | Reached XP level 1. HP: 10/10 MP: 3/3
   154 | D:1      | Reached XP level 2. HP: 15/15 MP: 1/5
   212 | D:1      | Reached skill level 4 in Earth Magic
   930 | D:2      | Reached XP level 3. HP: 19/19 MP: 4/6
  1012 | D:2      | Found a shadowy altar of Dithmenos.
  1015 | D:2      | Found a stormy altar of Qazlal.
  1022 | D:2      | Learned a level 3 spell: Stone Arrow
  1258 | D:2      | Found a snail-covered altar of Cheibriados.
  1373 | D:2      | Found a faded altar of an unknown god.
  1562 | D:3      | Reached XP level 4. HP: 24/24 MP: 4/8
  1678 | D:3      | Reached skill level 5 in Earth Magic
  1744 | D:3      | Found a glowing golden altar of the Shining One.
  1869 | D:3      | Found an iron altar of Okawaru.
  2038 | D:3      | Found a sparkling altar of Nemelex Xobeh.
  2737 | D:4      | Reached XP level 5. HP: 23/28 MP: 2/10
  3016 | D:4      | Reached skill level 1 in Conjurations
  3965 | D:4      | Reached XP level 6. HP: 32/32 MP: 1/11
  4081 | D:4      | Got an encrusted dagger
  4299 | D:4      | Found a glowing silver altar of Zin.
  4340 | D:4      | Reached skill level 6 in Earth Magic
  4718 | D:5      | Entered Level 5 of the Dungeon
  4841 | D:5      | Reached XP level 7. HP: 36/36 MP: 5/13
  4946 | D:5      | Upgraded the game from 0.22-a0-274-gf8199ec to 0.22-a0-278-g8f80174
  5386 | D:5      | Reached skill level 7 in Earth Magic
  5555 | D:5      | Reached skill level 5 in Spellcasting
  6079 | D:6      | Reached XP level 8. HP: 41/41 MP: 4/15
  6359 | D:6      | Learned a level 5 spell: Lee's Rapid Deconstruction
  6399 | D:6      | Found a staircase to the Ecumenical Temple.
  6405 | Temple   | Entered the Ecumenical Temple
  6513 | Temple   | Became a worshipper of Vehumet
  6693 | D:6      | Reached skill level 5 in Conjurations
  6951 | D:6      | Reached skill level 8 in Earth Magic
  7785 | D:7      | Found Teahiux's Book Boutique.
  7795 | D:7      | Bought a book of Conjurations for 390 gold pieces
  7797 | D:7      | Learned a level 1 spell: Magic Dart
  7800 | D:7      | Learned a level 2 spell: Searing Ray
  7819 | D:7      | Found Serimur's Gadget Shop.
  7847 | D:7      | Reached XP level 9. HP: 45/45 MP: 11/18
  7878 | D:7      | Reached * piety under Vehumet
  7878 | D:7      | Offered knowledge of Flame Tongue by Vehumet.
  7878 | D:7      | Reached skill level 9 in Earth Magic
  8760 | D:7      | Found Umyuma Wifa's Jewellery Shop.
  8779 | D:7      | Found Cijit's Food Shop.
  8790 | D:7      | Bought a ration for 60 gold pieces
  9002 | D:7      | Found Xohaff's Antique Armour Boutique.
  9331 | D:8      | Noticed Erica
  9340 | D:8      | Killed Erica
  9340 | D:8      | Reached skill level 1 in Fighting
  9340 | D:8      | Reached skill level 1 in Maces & Flails
  9340 | D:8      | Reached skill level 1 in Armour
  9340 | D:8      | Reached skill level 10 in Earth Magic
  9340 | D:8      | Reached skill level 1 in Evocations
  9340 | D:8      | Reached XP level 10. HP: 51/52 MP: 8/21
  9470 | D:8      | Offered knowledge of Shock by Vehumet.
  9480 | D:8      | Learned a level 3 spell: Regeneration
  9611 | D:8      | Reached ** piety under Vehumet
 10284 | D:9      | Noticed a gargoyle
 10284 | D:9      | Noticed a two-headed ogre
 10290 | D:8      | Killed a two-headed ogre
 10290 | D:8      | Reached skill level 1 in Necromancy
 10465 | D:9      | Killed a gargoyle
 10802 | D:9      | Noticed a two-headed ogre
 10808 | D:9      | Killed a two-headed ogre
 11850 | D:9      | Noticed a two-headed ogre
 11882 | D:9      | Noticed a two-headed ogre
 11920 | D:9      | Reached XP level 11. HP: 35/60 MP: 16/22
 12126 | D:9      | Killed a two-headed ogre
 12278 | D:9      | Noticed Prince Ribbit
 12290 | D:9      | Killed a two-headed ogre
 12471 | D:9      | Learned a level 3 spell: Conjure Flame
 12639 | D:9      | Killed Prince Ribbit
 13494 | D:10     | Entered Level 10 of the Dungeon
 13680 | D:10     | Noticed Josephine
 13691 | D:9      | Killed Josephine
 13691 | D:9      | Reached skill level 11 in Earth Magic
 14131 | D:10     | Found a staircase to the Orcish Mines.
 14136 | D:10     | Upgraded the game from 0.22-a0-278-g8f80174 to 0.22-a0-282-gdd34a7d
 14449 | D:10     | Noticed Harold
 14459 | D:10     | Killed Harold
 14684 | D:10     | Found a staircase to the Lair.
 14693 | D:10     | Offered knowledge of Static Discharge by Vehumet.
 14706 | D:10     | Learned a level 3 spell: Static Discharge
 14832 | D:10     | Killed an unseen horror
 14938 | D:10     | Noticed a two-headed ogre
 14954 | D:10     | Killed a two-headed ogre
 15163 | D:10     | Found a sparkling altar of Nemelex Xobeh.
 15187 | D:10     | Found Hufeipy's Armour Shoppe.
 15187 | D:10     | Noticed Maurice
 15577 | D:10     | Killed Maurice
 15577 | D:10     | Reached skill level 5 in Fighting
 15577 | D:10     | Reached skill level 5 in Armour
 15577 | D:10     | Reached XP level 12. HP: 68/68 MP: 12/24
 16310 | Lair:1   | Entered Level 1 of the Lair of Beasts
 16953 | Lair:1   | Noticed an eight-headed hydra
 16963 | Lair:1   | Killed an eight-headed hydra
 17306 | Lair:1   | Reached *** piety under Vehumet
 17889 | Lair:2   | Noticed a seven-headed hydra
 17926 | Lair:1   | Killed a seven-headed hydra
 17926 | Lair:1   | Reached skill level 5 in Maces & Flails
 18605 | Lair:2   | Learned a level 5 spell: Fireball
 18754 | Lair:2   | Found a staircase to the Shoals.
 18847 | Lair:2   | Reached skill level 5 in Evocations
 18866 | Lair:2   | Noticed a seven-headed hydra
 18873 | Lair:2   | Killed a seven-headed hydra
 19000 | Lair:2   | Reached skill level 1 in Fire Magic
 19152 | D:7      | Found Teahiux's Book Boutique.
 19603 | Lair:2   | Reached skill level 5 in Dodging
 20069 | Lair:3   | Offered knowledge of Airstrike by Vehumet.
 20352 | Lair:3   | Reached XP level 13. HP: 75/75 MP: 21/26
 20485 | Lair:3   | Reached skill level 10 in Conjurations
 20798 | Lair:3   | Reached skill level 12 in Earth Magic
 21014 | Lair:3   | Noticed Urug
 21065 | Lair:3   | Killed Urug
 21324 | Lair:3   | Found a staircase to the Snake Pit.
 21330 | Lair:3   | Reached **** piety under Vehumet
 21529 | Lair:3   | Offered knowledge of Lightning Bolt by Vehumet.
 24423 | Lair:5   | Learned a level 2 spell: Blink
 25215 | Lair:5   | Found a staircase to the Slime Pits.
 25684 | Lair:6   | Entered Level 6 of the Lair of Beasts
 26828 | Lair:6   | Gained mutation: Your large and strong wings let you fly indefinitely. [Gargoyle growth]
 26828 | Lair:6   | Reached XP level 14. HP: 82/82 MP: 23/27
 26975 | Lair:6   | HP: 1/83 [ice dragon/blast of cold (29)]
 28125 | Lair:6   | Reached ***** piety under Vehumet
 28332 | Lair:6   | Found a burning altar of Makhleb.
 28352 | Lair:6   | Offered knowledge of Iron Shot by Vehumet.
 28360 | Lair:6   | Learned a level 6 spell: Iron Shot
 28802 | Lair:6   | Found a gateway to Hell.
 29225 | Orc:1    | Entered Level 1 of the Orcish Mines
 29782 | Orc:2    | Entered Level 2 of the Orcish Mines
 30332 | Orc:2    | Found a staircase to the Elven Halls.
 30618 | Orc:1    | Found a roughly hewn altar of Beogh.
 31246 | Orc:1    | Found Ycoogarr's Weapon Boutique.
 31820 | Orc:2    | Noticed Paulus's ghost (journeyman GrFi)
 32221 | Orc:2    | Killed Paulus's ghost
 32221 | Orc:2    | Reached skill level 10 in Spellcasting
 32947 | Orc:2    | Reached skill level 5 in Fire Magic
 33285 | Orc:2    | Found Woczithairch's Food Boutique.
 33347 | Orc:2    | Found Pijynev's Distillery.
 34102 | Orc:2    | Bought a ration for 65 gold pieces
 34102 | Orc:2    | Bought a ration for 65 gold pieces
 34102 | Orc:2    | Bought a ration for 65 gold pieces
 34102 | Orc:2    | Bought a ration for 65 gold pieces
 34102 | Orc:2    | Bought a ration for 65 gold pieces
 34282 | Orc:2    | Reached skill level 13 in Earth Magic
 34912 | Orc:2    | Offered knowledge of Poison Arrow by Vehumet.
 36182 | Orc:2    | Reached XP level 15. HP: 89/89 MP: 5/29
 36322 | Orc:2    | Found Lidappue's Antique Weapon Emporium.
 36322 | Orc:2    | Found Lojemoant's Gadget Shoppe.
 36323 | Orc:2    | Found a one-way gate leading to the halls of Pandemonium.
 36652 | Elf:1    | Entered Level 1 of the Elven Halls
 37502 | Elf:1    | Noticed an Ice Fiend
 38611 | Elf:1    | Reached skill level 1 in Shields
 39191 | Elf:1    | Killed from afar by a deep elf knight

Vault maps used:
D:1:      minmay_arrival_jagged
D:2:      gammafunk_temple_overflow_statue, chequers_ecumenical_altar_island,
          kennysheep_flooded_box, kennysheep_generic_room_15
D:3:      tso_metal_star, marbit_many_paths, old_standard_altar
D:4:      overflow_temple_1_default, minmay_goblin_kobold_house
D:5:      first_ration
D:6:      minmay_temple_entry_fiery
D:7:      serial_shops, nicolae_shop_stone, shop_coins, shop, shop, shop
D:8:      uniq_erica
D:9:      david_nohive_1, uniq_prince_ribbit1
D:10:     dpeg_oklobed_lair, orc_0_dummy, serial_shops, nicolae_shop_waterfront,
          nemelex_diamond_rough_becter, uniq_maurice, uniq_josephine,
          uniq_harold
Temple:   nicolae_temple_elliptical
Lair:1:   minmay_lair_oklob_chamber
Lair:2:   elwin_shoals_entry_rocks, serial_bayou_lake_a
Lair:3:   minmay_snake_entry_six_corridors, uniq_urug
Lair:5:   minmay_slime_entry_pillars, minmay_holes
Lair:6:   evil_forest, bobbens_ice_dragon_lair, lemuel_fruit_fields,
          lemuel_fruit_tree
Orc:1:    serial_shops, nicolae_shop_stone, mines1_david
Orc:2:    pf_orc_diabolical, minmay_orc_keep
Elf:1:    minmay_elf_arrival_summoners, orc_legates

Skill      XL: |  1  2  3  4  5  6  7  8  9 10 11 12 13 14 15 |
---------------+----------------------------------------------+-----
Earth Magic    | 4 5 6 7 8 10 11 12 13 | 13.4
Spellcasting   | 3 4 5 6 7 8 9 10 | 10.5
Conjurations   | 2 3 4 6 7 8 9 10 11 | 11.7
Fighting       | 1 3 5 6 7 8 9 |  9.2
Maces & Flails | 1 3 4 5 6 7 8 |  8.2
Armour         | 1 3 5 6 |  6.7
Dodging        | 2 3 4 5 6 7 |  7.2
Evocations     | 1 2 4 5 6 7 |  7.9
Necromancy     | 2 3 |  3.4
Fire Magic     | 1 4 5 6 |  6.2
Shields        | 1 |  1.4
Stealth        | |  2.1
Transmutations | |  0.7

Action                   |  1- 3 |  4- 6 |  7- 9 | 10-12 | 13-15 || total
-------------------------+-------+-------+-------+-------+-------++-------
Melee: Short sword       |       |    88 |       |       |       ||    88
       Flail             |       |    15 |       |    54 |    60 ||   129
       Whip              |       |     5 |       |       |       ||     5
       Mace              |       |       |       |    22 |       ||    22
       Demon whip        |       |       |       |       |     5 ||     5
 Fire: Hunting sling     |     5 |       |       |       |       ||     5
 Cast: Sandblast         |    49 |    44 |   109 |    30 |   191 ||   423
       Stone Arrow       |       |    44 |    39 |   254 |   541 ||   878
       Lee's Rapid Decon |       |       |     4 |     6 |    23 ||    33
       Magic Dart        |       |       |     2 |   135 |   204 ||   341
       Searing Ray       |       |       |     1 |       |       ||     1
       Conjure Flame     |       |       |       |    11 |    10 ||    21
       Regeneration      |       |       |       |     4 |     1 ||     5
       Static Discharge  |       |       |       |     4 |       ||     4
       Fireball          |       |       |       |       |    15 ||    15
       Iron Shot         |       |       |       |       |    39 ||    39
       Blink             |       |       |       |       |     4 ||     4
 Abil: Fly               |       |       |       |       |     1 ||     1
       Stop Flying       |       |       |       |       |     1 ||     1
Evoke: Wand              |       |       |       |     5 |    18 ||    23
       Fan of gales      |       |       |       |       |     3 ||     3
  Use: Scroll            |       |       |     3 |    10 |     4 ||    17
       Potion            |       |       |       |    10 |     4 ||    14
 Stab: Sleeping          |       |     2 |       |       |       ||     2
  Eat: Chunk             |     2 |    10 |     3 |    15 |    34 ||    64
       Ration            |       |     1 |     4 |     7 |    13 ||    25
Armor: Robe              |     4 |    68 |     9 |    72 |    25 ||   178
       Skin              |       |       |     2 |       |       ||     2
       Leather armour    |       |       |       |    33 |   142 ||   175
Dodge: Dodged            |    10 |   111 |    18 |   181 |   560 ||   880
       Deflected         |       |       |       |     2 |    34 ||    36
Block: Buckler           |       |       |       |       |    12 ||    12

Table legend:
 A = Spawn XP
 B = Non-spawn XP
 C = Spawn XP percentage of total XP
 D = Spawn monster count
 E = Non-spawn monster count
 F = Spawn count percentage of total count
 G = Total turns spent on level
                    A         B        C        D         E        F      G
               +---------+---------+-------+---------+---------+-------+---------
         Total |       0 |  104581 |   0.0 |       0 |     619 |   0.0 | 39191
               +---------+---------+-------+---------+---------+-------+---------
           D:1 |       0 |      24 |   0.0 |       0 |      16 |   0.0 |   781
           D:2 |       0 |      39 |   0.0 |       0 |      14 |   0.0 |   703
           D:3 |       0 |      90 |   0.0 |       0 |      27 |   0.0 |  1481
           D:4 |       0 |     364 |   0.0 |       0 |      31 |   0.0 |  1753
           D:5 |       0 |     654 |   0.0 |       0 |      23 |   0.0 |  1294
           D:6 |       0 |     507 |   0.0 |       0 |       7 |   0.0 |  1051
           D:7 |       0 |    1688 |   0.0 |       0 |      42 |   0.0 |  1889
           D:8 |       0 |    3245 |   0.0 |       0 |      33 |   0.0 |  1436
           D:9 |       0 |    7716 |   0.0 |       0 |      41 |   0.0 |  3558
          D:10 |       0 |    6544 |   0.0 |       0 |      32 |   0.0 |  3101
        Lair:1 |       0 |    5403 |   0.0 |       0 |      21 |   0.0 |  1710
        Lair:2 |       0 |    5711 |   0.0 |       0 |      22 |   0.0 |  1718
        Lair:3 |       0 |    5894 |   0.0 |       0 |      34 |   0.0 |  2207
        Lair:4 |       0 |    3528 |   0.0 |       0 |      16 |   0.0 |  1541
        Lair:5 |       0 |    9642 |   0.0 |       0 |      39 |   0.0 |  2563
        Lair:6 |       0 |   15286 |   0.0 |       0 |      57 |   0.0 |  2640
         Orc:1 |       0 |    2689 |   0.0 |       0 |      29 |   0.0 |  2187
         Orc:2 |       0 |   19746 |   0.0 |       0 |     101 |   0.0 |  6243
         Elf:1 |       0 |   15811 |   0.0 |       0 |      34 |   0.0 |  1202
               +---------+---------+-------+---------+---------+-------+---------
